 Dungeon Crawl Stone Soup version 0.22-a0-455-ga0624bf (webtiles) character file.

772 pk666 the Magician (level 7, -3/36 HPs)
             Began as a Deep Elf Fire Elementalist on June 5, 2018.
             Was a Believer of Vehumet.
             Engulfed by a cloud of steam (13 damage)
             ... on level 5 of the Dungeon.
             The game lasted 00:20:03 (6168 turns).

pk666 the Magician (Deep Elf Fire Elementalist)     Turns: 6168, Time: 00:20:04

Health: -3/36      AC:  3    Str:  7    XL:     7   Next: 53%
Magic:  16/18      EV: 13    Int: 22    God:    Vehumet [**....]
Gold:   460        SH:  0    Dex: 15    Spells: 11/19 levels left

rFire    . . .     SeeInvis .   (no weapon)
rCold    . . .     Gourm    .   (no shield)
rNeg     . . .     Faith    .   a - +0 robe
rPois    .         Spirit   .   (no helmet)
rElec    .         Reflect  .   j - scarf {repulsion}
rCorr    .         Harm     .   (no gloves)
MR       .....                  s - +0 pair of boots
Stlth    +.........             (no amulet)
HPRegen  0.12/turn              l - +2 ring of strength
MPRegen  0.16/turn              (no ring)

@: repel missiles, very slow
A: no striking features
a: Renounce Religion


You were on level 5 of the Dungeon.
You worshipped Vehumet.
Vehumet was pleased with you.
You were not hungry.

You visited 1 branch of the dungeon, and saw 5 of its levels.
You also visited: Ossuary.

You collected 460 gold pieces.

Inventory:

Armour
 a - a +0 robe (worn)
 j - a scarf of repulsion (worn)
 s - a +0 pair of boots (worn)
Jewellery
 l - a +2 ring of strength (left hand)
Scrolls
 d - a scroll of blinking
 e - 6 scrolls of identify
 g - 3 scrolls of remove curse
 i - a scroll of amnesia
 p - a scroll of magic mapping {unknown}
 r - a scroll of acquirement {unknown}
 t - a scroll of fog {unknown}
Potions
 b - a potion of brilliance {unknown}
 f - 5 potions of haste
 h - 3 potions of flight {unknown}
 k - a potion of agility {unknown}
 m - a potion of magic
 n - 2 potions of ambrosia {unknown}
 o - 3 potions of might
 q - a potion of lignification {unknown}
Comestibles
 c - 6 rations
 u - a chunk of flesh


   Skills:
 - Level 2.4 Dodging
 - Level 2.4 Stealth
 + Level 6.5 Spellcasting
 + Level 6.1 Conjurations
 + Level 5.9 Fire Magic


You had 11 spell levels left.
You knew the following spells:

 Your Spells              Type           Power        Failure   Level  Hunger
a - Flame Tongue          Conj/Fire      ####.        1%          1    None
b - Sticky Flame          Conj/Fire      ####....     8%          4    ###....
c - Conjure Flame         Conj/Fire      ####....     2%          3    #......

Your spell library contained the following spells:

 Spells                   Type           Power        Failure   Level  Hunger
 Fireball                 Conj/Fire      ####......   21%         5    #####..
 Throw Flame              Conj/Fire      ####..       1%          2    None
 Inner Flame              Hex/Fire       ###.....     8%          3    #......


Dungeon Overview and Level Annotations

Branches:
Dungeon (5/15)
 Temple: D:4-7

Altars:
Ashenzari
Cheibriados
Kikubaaqudgha
Vehumet
Wu Jian
Yredelemnul
The Shining One

Shops:
D:4 %


Message History

You are engulfed in a cloud of scalding steam.
Casting: Flame Tongue (safe; 1% risk of failure)
Confirm with . or Enter, or press ? or * to list all spells.
Aiming: Flame Tongue (safe; 1% risk of failure)
Press: ? - help, Shift-Dir - straight line, f - river rat
Aim: a river rat The flame tongue hits the river rat.
The river rat is almost dead.
You are engulfed in a cloud of scalding steam.
* * * LOW HITPOINT WARNING * * *
The river rat is engulfed in a cloud of scalding steam.
You kill the river rat!
Vehumet accepts your kill.
Really walk into that cloud of steam?
Okay, then.
Really walk into that cloud of steam?
Uppercase [Y]es or [N]o only, please.
Really walk into that cloud of steam?
You are engulfed in a cloud of scalding steam.
You die...

#############.
#.............
#.############
## #.# #≈ #.#
#≈ #.# #≈ #.#
#≈#≈####.#
#≈≈§@≈≈#.#
#########≈#.#
#≈≈≈≈≈≈≈≈≈#.#
#≈≈#≈#≈####.#
##.≈.≈≈≈≈≈...#
#......≈.....#
#............#
#............#
##############


There were no monsters in sight!

Vanquished Creatures
  3 ogres (D:4)
  A scorpion (D:4)
  A hound (D:4)
  An orc priest (D:3)
  2 orc wizards (D:3)
  A centaur skeleton (D:4)
  A worker ant (D:4)
  A big kobold zombie (Ossuary)
  8 mummies (Ossuary)
  6 adders
  2 river rats (D:5)
  An adder skeleton (D:2)
  An adder zombie (D:2)
  2 worms
  4 dart slugs
  3 leopard geckos
  19 orcs
  3 ball pythons
  A bat skeleton (D:2)
  4 goblins
  5 hobgoblins
  2 quokkas
  4 bats
  3 frilled lizards
  5 giant cockroaches
  A gnoll zombie (Ossuary)
  A hobgoblin zombie (Ossuary)
  A jackal zombie (D:2)
  4 kobolds
  2 kobold zombies (Ossuary)
  A leopard gecko zombie (D:2)
  3 orc zombies (Ossuary)
  3 quokka skeletons (D:2)
  A quokka zombie (D:2)
  6 rats
107 creatures vanquished.

Vanquished Creatures (others)
  A ball python (D:2)
  A hobgoblin (D:2)
2 creatures vanquished.

Grand Total: 109 creatures vanquished

Notes
Turn   | Place    | Note
-------+----------+-------------------------------------------
     0 | D:1      | pk666 the Deep Elf Fire Elementalist began the quest for the Orb.
     0 | D:1      | Reached XP level 1. HP: 10/10 MP: 6/6
   821 | D:2      | Reached XP level 2. HP: 15/15 MP: 5/8
  1231 | D:2      | Reached XP level 3. HP: 19/19 MP: 7/10
  1283 | D:2      | Found a basalt altar of Yredelemnul.
  1288 | D:2      | Found a glowing golden altar of the Shining One.
  1549 | D:2      | Found a radiant altar of Vehumet.
  1602 | D:2      | Became a worshipper of Vehumet
  1866 | D:2      | Noticed an angel
  2803 | D:3      | Found an ornate altar of the Wu Jian Council.
  2974 | D:3      | Reached XP level 4. HP: 24/24 MP: 9/11
  3570 | D:3      | Reached XP level 5. HP: 28/28 MP: 10/13
  3607 | D:3      | Found an ancient bone altar of Kikubaaqudgha.
  3616 | D:3      | Found a shattered altar of Ashenzari.
  3812 | D:4      | Found a sand-covered staircase.
  3848 | Ossuary  | Entered an ossuary
  4050 | Ossuary  | Reached * piety under Vehumet
  4050 | Ossuary  | Offered knowledge of Sandblast by Vehumet.
  4240 | Ossuary  | Reached XP level 6. HP: 32/32 MP: 9/15
  4467 | D:4      | Reached skill level 5 in Spellcasting
  4467 | D:4      | Reached skill level 5 in Conjurations
  4793 | D:3      | Learned a level 4 spell: Sticky Flame
  4797 | D:3      | Learned a level 3 spell: Conjure Flame
  4919 | D:4      | Reached skill level 5 in Fire Magic
  4998 | D:4      | Reached XP level 7. HP: 36/36 MP: 10/17
  5622 | D:4      | Reached ** piety under Vehumet
  5627 | D:4      | Offered knowledge of Magic Dart by Vehumet.
  5708 | D:4      | Found a snail-covered altar of Cheibriados.
  5739 | D:4      | Found Feel's Food Boutique.
  5966 | D:5      | Entered Level 5 of the Dungeon
  6168 | D:5      | Engulfed by a cloud of steam

Vault maps used:
D:1:      dpeg_arrival_prison
D:2:      grunt_temple_overflow_holy_war, fiery_altar_vehumet, serial_undead,
          serial_undead_b, serial_undead_f, serial_undead_f, serial_undead_d,
          serial_undead_b, serial_undead_e, serial_undead_a, serial_undead_d
D:3:      amethyst_overflow_temple_binary, lemuel_crystal_altar
D:4:      kennysheep_slug_shrine, serial_shops, kennysheep_mini,
          lightli_ossuary_entry_decrepit_ruins, first_ration
D:5:      minitemple, lightli_sewer_entry_pipes, hangedman_feature_mirror,
          uniq_ijyb
Ossuary:  ossuary_tomb_3

Skill      XL: |  1  2  3  4  5  6  7 |
---------------+----------------------+-----
Conjurations   | 2 3 4 5 6 |  6.1
Spellcasting   | 4 5 6 |  6.5
Fire Magic     | 4 5 |  5.9
Dodging        | |  2.4
Stealth        | |  2.4

Action                   |  1- 3 |  4- 6 |  7- 9 || total
-------------------------+-------+-------+-------++-------
Melee: Unarmed           |     2 |       |       ||     2
       Club              |    37 |       |       ||    37
 Cast: Flame Tongue      |    70 |    94 |    59 ||   223
       Conjure Flame     |       |     2 |     4 ||     6
       Sticky Flame      |       |     1 |       ||     1
  Use: Potion            |     5 |       |       ||     5
       Scroll            |       |     3 |       ||     3
  Eat: Chunk             |     6 |     3 |     4 ||    13
       Ration            |       |     1 |       ||     1
Armor: Robe              |    10 |     3 |       ||    13
Dodge: Dodged            |    47 |    18 |     4 ||    69
       Deflected         |     1 |     6 |       ||     7

Table legend:
 A = Spawn XP
 B = Non-spawn XP
 C = Spawn XP percentage of total XP
 D = Spawn monster count
 E = Non-spawn monster count
 F = Spawn count percentage of total count
 G = Total turns spent on level
                    A         B        C        D         E        F      G
               +---------+---------+-------+---------+---------+-------+---------
         Total |       0 |    1104 |   0.0 |       0 |     107 |   0.0 |  6168
               +---------+---------+-------+---------+---------+-------+---------
           D:1 |       0 |       9 |   0.0 |       0 |       7 |   0.0 |   897
           D:2 |       0 |      70 |   0.0 |       0 |      28 |   0.0 |  1317
           D:3 |       0 |     173 |   0.0 |       0 |      19 |   0.0 |  1823
           D:4 |       0 |     616 |   0.0 |       0 |      30 |   0.0 |  1325
           D:5 |       0 |      59 |   0.0 |       0 |       7 |   0.0 |   202
       Ossuary |       0 |     177 |   0.0 |       0 |      16 |   0.0 |   604
               +---------+---------+-------+---------+---------+-------+---------
